 Seeded DCSS version 0.31-a0-182-gc5ef74bbde (webtiles) character file.

Game seed: 17470652125493844045 (custom seed)

4 innerfire43 the Trooper (level 1, -1/18 HPs)
             Began as a Demonspawn Monk on June 20, 2023.
             Slain by a frilled lizard (2 damage)
             ... on level 1 of the Dungeon.
             The game lasted 00:00:15 (110 turns).

innerfire43 the Trooper (Demonspawn Monk)            Turns: 110, Time: 00:00:15

Health: -1/18      AC:  2    Str: 11    XL:     1   Next: 50%
Magic:  1/1        EV: 13    Int: 11    God:
Gold:   62         SH:  0    Dex: 15    Spells: 0/0 levels left

rFire   . . .        a - +0 short sword
rCold   . . .        d - orb {light}
rNeg    . . .        b - +0 robe
rPois   .            (no helmet)
rElec   .            (no cloak)
rCorr   .            (no gloves)
SInv    .            (no boots)
Will    .....        (no amulet)
Stlth   +            (no ring)
HPRegen 0.23/turn    (no ring)
MPRegen 0.07/turn

%: no passive effects
@: glowing
A: no striking features
a: no special abilities


You were on level 1 of the Dungeon.
You visited 1 branch of the dungeon, and saw 1 of its levels.

You collected 62 gold pieces.

Inventory:

Hand Weapons
 a - a +0 short sword (weapon)
Armour
 b - a +0 robe (worn)
 d - an orb of light (worn)
Jewellery
 e - an amulet of magic regeneration
Potions
 c - a potion of ambrosia


   Skills:
 - Level 3.0 Fighting
 * Level 2.8 Short Blades
 + Level 2.7 Dodging


You couldn't memorise any spells.
You didn't know any spells.
Your spell library was empty.

Dungeon Overview and Level Annotations

Branches:
Dungeon (1/15)

Altars:


Message History

A goblin comes into view. It is wielding a +0 dagger.
You hit the goblin.
The goblin is severely wounded.
The frilled lizard misses you. The goblin barely misses you.
There are monsters nearby!
You hit the goblin but do no damage.
The goblin is severely wounded.
You closely miss the goblin.
The goblin is severely wounded.
A frilled lizard comes into view.
The goblin hits you with a +0 club. The frilled lizard bites you.
There are monsters nearby!
You barely miss the goblin.
The goblin is severely wounded.
The quokka closely misses you. The goblin hits you with a +0 club.
The frilled lizard closely misses you.
There are monsters nearby!
You are too injured to fight recklessly!
You are too injured to fight recklessly!
There are monsters nearby!
You are too injured to fight recklessly!
The quokka attacks as you move away!
The quokka bites you but does no damage.
The goblin attacks as you move away! The goblin barely misses you.
A dart slug comes into view.
The quokka closely misses you. The goblin attacks as you move away!
The goblin misses you.
The frilled lizard attacks as you move away!
The frilled lizard closely misses you. The dart slug launches a dart at you.
The slug dart hits you.
* * * LOW HITPOINT WARNING * * *
The goblin attacks as you move away! The goblin misses you.
The frilled lizard attacks as you move away!
The frilled lizard bites you.
* * * LOW HITPOINT WARNING * * *
The frilled lizard attacks as you move away!
The frilled lizard barely misses you.
You barely miss the frilled lizard. The frilled lizard bites you.
You die...

................#######
######)................
#.......###.#######
#.......# #.#
#.......###.#
#.......##..#
##+######...# #..#.#
#@##.#### #l#...w..
..#####gr.###
#.......w## ..#..>.g.#
##.....# #.....l.
#...#..... #..# $....!.


You could see a dart slug, a quokka, 2 goblins and 2 frilled lizards.

Vanquished Creatures
  An endoplasm (D:1)
  A giant cockroach (D:1)
  A kobold (D:1)
  A rat (D:1)
4 creatures vanquished.

Notes
Turn   | Place    | Note
-------+----------+-------------------------------------------
     0 | D:1      | innerfire43 the Demonspawn Monk began the quest for the
                  | Orb.
     0 | D:1      | Reached XP level 1. HP: 18/18 MP: 1/1
   110 | D:1      | Slain by a frilled lizard

Illustrated notes

Levels and vault maps discovered:
D:1:      minmay_arrival_four_loops, layout_basic, minmay_three_crescents

Action                     || total
---------------------------++-------
  Melee: Short sword       ||    18
 Armour: Robe              ||     2
  Dodge: Dodged            ||    22

Table legend: (Time is in decaauts)
 A = Elapsed time spent in this place.
 B = Non-inter-level travel time spent in this place.
 C = Inter-level travel time spent in this place.
 D = Time resting spent in this place.
 E = Time spent auto-exploring this place.
 F = Levels seen in this place.
 G = Mean time per level.
                   A        B        C        D        E       F      G
               +--------+--------+--------+--------+--------+-----+--------+
         Total |    107 |    107 |      0 |      0 |     75 |   1 |  107.0 |
       Dungeon |    107 |    107 |      0 |      0 |     75 |   1 |  107.0 |
               +--------+--------+--------+--------+--------+-----+--------+

Top non-repeatable levels by time:
     D:1: 107 daAuts
